AoeStats
← CookieHunter

Lombardia

509405905Analyzed
2v2 RM · 5d ago on Sep 26, 2026· 65m 38s· 4 players
Game mode
Random Map
Map size
Medium (4 player)
Population
200
Speed
Normal
Resources
Standard
Victory
Conquest
Starting age
Dark Age
Ending age
Imperial Age
RankedLock teamsTeams togetherTeam positionsShared explorationLock speedFull tech treeHidden civsTurbo modeCheats
Victory
Defeat
🇨🇳 Wu · China
866
+16
🇨🇳 Varangians · China
865
+16
🇦🇷 Goths · Argentina
877
-17
🇮🇳 Varangians · India
838
-15
nachomoroni
0:28 Loom
11:10 Feudal Age
11:46 Double-Bit Axe
21:06 Castle Age
20:26 Forging
20:18 Scale Mail Armor
20:32 Gold Mining
20:32 Stone Mining
22:23 Wheelbarrow
21:43 Fletching
22:21 Bow Saw
23:02 Squires
25:03 Iron Casting
24:44 Chain Mail Armor
32:07 Imperial Age
30:32 Anarchy
31:07 Pikeman
33:14 Conscription
34:05 Blast Furnace
34:36 Two-Man Saw
33:56 Caravan
34:16 Perfusion
35:06 Elite Huskarl
37:02 Halberdier
39:14 Chemistry
CookieHunter
12:13 Feudal Age
11:34 Loom
16:15 Castle Age
16:44 Double-Bit Axe
17:30 Horse Collar
27:01 Scale Barding Armor
28:01 Forging
29:46 Iron Casting
30:14 Bloodlines
31:03 Chain Barding Armor
32:26 Fletching
37:10 Imperial Age
37:03 Bodkin Arrow
38:06 Bracer
38:34 Elite Skirmisher
40:46 Wheelbarrow
41:37 Blast Furnace
42:36 Hand Cart
43:50 Padded Archer Armor
46:58 Leather Archer Armor
49:15 Elite Jarl
52:20 Ring Archer Armor
54:06 Plate Barding Armor
53:03 Capped Ram
不可描述
11:25 Feudal Age
12:02 Double-Bit Axe
14:20 Horse Collar
18:16 Castle Age
18:28 Fletching
18:50 Forging
20:14 Stone Mining
21:53 Wheelbarrow
23:35 Bow Saw
25:01 Squires
24:22 Pikeman
28:27 Gold Mining
28:53 Bodkin Arrow
29:00 Padded Archer Armor
29:35 Treadmill Crane
29:52 Murder Holes
30:18 Town Watch
30:39 Heavy Plow
34:55 Imperial Age
33:16 Ballistics
33:08 Masonry
33:16 Caravan
35:09 Red Cliffs Tactics
36:04 Conscription
37:29 Chemistry
37:46 Hand Cart
39:29 Elite Fire Archer
40:57 Bracer
41:12 Leather Archer Armor
40:59 Scale Mail Armor
41:27 Sitting Tiger
42:40 Two-Man Saw
42:46 Pikeman
43:15 Arson
46:52 Halberdier
51:40 Iron Casting
51:21 Chain Mail Armor
53:55 Blast Furnace
54:16 Heavy Scorpion
56:23 Plate Mail Armor
56:42 Town Patrol
NID_J.K.Joker
12:20 Feudal Age
17:54 Castle Age
16:42 Horse Collar
17:11 Double-Bit Axe
21:07 Heavy Plow
21:19 Bow Saw
22:04 Wheelbarrow
22:02 Stone Mining
23:35 Hand Cart
23:52 Elite Skirmisher
26:01 Ballistics
29:15 Fletching
29:50 Gold Mining
32:41 Imperial Age
30:13 Town Watch
33:41 Siege Engineers
33:40 Town Patrol
35:15 Two-Man Saw
34:43 Conscription
35:43 Gothikon
37:12 Forging
37:09 Scale Barding Armor
37:07 Scale Mail Armor
40:02 Chemistry
38:58 Murder Holes
39:12 Squires
38:58 Arson
40:36 Crop Rotation
40:44 Elite Jarl
42:08 Fortified Wall
43:24 Iron Casting
43:10 Chain Barding Armor
42:46 Bodkin Arrow
45:43 Stone Shaft Mining
53:05 Heavy Scorpion
55:09 Caravan
67:15 Blast Furnace
66:51 Plate Barding Armor
Connection lost

Rejoining the realm…

Still unreachable

The connection could not be restored.

Session expired

The server has moved on; the page needs a fresh start.